 Dungeon Crawl Stone Soup version 0.21.1-1-g345015f (webtiles) character file.

5107 Monsterracer the Martial Artist (level 10, -12/68 HPs)
             Began as an Octopode Gladiator on Feb 13, 2018.
             Was a Believer of Dithmenos.
             Killed by the air
             ... invoked by Gastronok
              (26 damage)
             ... on level 8 of the Dungeon.
             The game lasted 00:17:21 (12784 turns).

Monsterracer the Martial Artist (OpGl)             Turns: 12784, Time: 00:17:22

Health: -12/68     AC:  1    Str: 13    XL:     10   Next: 57%
Magic:  14/14      EV: 17    Int: 14    God:    Dithmenos [**....]
Gold:   443        SH:  5    Dex: 16    Spells: 6/11 levels left

rFire    . . .     SeeInvis .     - Unarmed
rCold    . . .     Gourm    .   q - +0 buckler (curse)
rNeg     + . .     Faith    .   a - +0 hat
rPois    .         Spirit   .   f - amulet of magic regeneration
rElec    .         Reflect  .   p - +2 ring of dexterity
rCorr    .         Harm     .   k - ring of loudness (curse)
MR       .....                  t - ring of positive energy (curse) {!d}
Stlth    +++++.....             (no ring)
HPRegen  0.21/turn              (no ring)
MPRegen  0.39/turn              (no ring)
                                (no ring)
                                (no ring)

@: wreathed by umbra
A: almost no armour, stealthy swim, amphibious, 8 rings, constrict 8, camouflage
1, gelatinous body 1
a: Shadow Step, Renounce Religion


You were on level 8 of the Dungeon.
You worshipped Dithmenos.
Dithmenos was pleased with you.
You were not hungry.

You visited 2 branches of the dungeon, and saw 9 of its levels.

You collected 443 gold pieces.

Inventory:

Hand Weapons
 b - a +2 dagger of venom
Missiles
 o - 2 throwing nets (quivered)
Armour
 a - a +0 hat (worn)
 q - a cursed +0 buckler (worn)
Jewellery
 f - an amulet of magic regeneration (around mantle)
 k - a cursed ring of loudness (right tentacle)
 p - a +2 ring of dexterity (left tentacle)
 t - a cursed ring of positive energy (on tentacle) {!d}
Wands
 w - a wand of enslavement (10)
Scrolls
 m - 4 scrolls of remove curse
 r - a scroll of teleportation
 v - a scroll of enchant weapon
 y - a scroll of fog
Potions
 d - 3 potions of curing
 e - a potion of mutation {!q}
 g - a potion of heal wounds
 h - 2 potions of agility {unknown}
 i - 4 potions of brilliance
 j - 3 potions of might
 l - 2 potions of invisibility
 n - a potion of resistance
 s - 2 potions of magic
 u - 2 potions of flight
Books
 x - a book of Geomancy

   Spells                             Type                      Level
   a - Sandblast                      Earth                        1
   b - Passwall                       Transmutation/Earth          2
   c - Stone Arrow                    Conjuration/Earth            3
   d - Petrify                        Transmutation/Earth          4
   e - Lee's Rapid Deconstruction     Earth                        5
Comestibles
 c - 17 rations


   Skills:
 + Level 6.1 Fighting
 - Level 2.0 Throwing
 + Level 6.5 Dodging
 + Level 8.2 Stealth
 + Level 2.9 Shields
 * Level 8.9 Unarmed Combat
 + Level 1.0 Spellcasting
 - Level 5.0 Translocations
 + Level 5.3 Invocations


You had 6 spell levels left.
You knew the following spells:

 Your Spells              Type           Power        Failure   Level  Hunger
e - Blink                 Tloc           N/A          5%          2    ###....
x - Passwall              Tmut/Erth      #.........   41%         2    ###....
z - Apportation           Tloc           ##....       3%          1    ##.....


Dungeon Overview and Level Annotations

Branches:
Dungeon (8/15)             Temple (1/1) D:4
   Lair: D:8-11

Altars:
Ashenzari
Cheibriados
Dithmenos
Elyvilon
Fedhas
Gozag
Hepliaklqana
Kikubaaqudgha
Makhleb
Nemelex Xobeh
Okawaru
Qazlal
Sif Muna
Trog
Uskayaw
Vehumet
Wu Jian
Xom
Yredelemnul
Zin
The Shining One
Lugonu

Shops:
D:7 :

Annotations:
D:8 Gastronok


Innate Abilities, Weirdness & Mutations

You cannot wear most types of armour.
You are very stealthy in the water. (Stealth+)
You are amphibious.
You can wear up to eight rings at the same time.
You can use your tentacles to constrict eight enemies at once.
Your skin changes colour to match your surroundings (Stealth+).
Your rubbery body absorbs attacks. (AC +1, EV +1)


Message History

The bullfrog misses you.
You tentacle-slap the bullfrog. Your grab misses the bullfrog.
You squeeze the bullfrog!
The bullfrog is severely wounded.
You block the bullfrog's attack.
You bludgeon the bullfrog!
You kill the bullfrog!
Dithmenos accepts your kill.
Your life force feels restored.
Your Spellcasting skill increases to level 1!
Found an ornate altar of the Wu Jian Council.
x - a book of Geomancy Memorise Passwall, consuming 2 spell levels and leaving 6?
You start memorising the spell.
You continue memorising. x2
You finish memorising.
Spell assigned to 'x'.
Okay, then.
Done exploring.
Done exploring.
Gastronok the Ponderous comes into view.
Gastronok moves out of view.
You can't go down here!
Things that are here:
a scale mail; a mace What are your orders? t - Shout!
Orders for allies: a - Attack new target. r - Retreat! s - Stop attacking. g - Guard the area. f - Follow me.
Anything else - Cancel.
You shout for attention!
You bludgeon Gastronok!
Gastronok is lightly wounded.
You tentacle-slap Gastronok. x2; You squeeze Gastronok!
Gastronok is lightly wounded.
Gastronok bites you!!
You take 26 damage, and have 42/68 hp.
MASSIVE DAMAGE!!
Press: ? - help, v - describe, . - travel
Here: Gastronok, wearing an embroidered hat (lightly wounded, umbra)
The floor.
You bludgeon Gastronok! You tentacle-slap Gastronok!
Gastronok is moderately wounded.
You bludgeon Gastronok! You squeeze Gastronok!
Gastronok is moderately wounded.
Gastronok bites you.
You take 1 damage, and have 42/68 hp.
You barely miss Gastronok.
Gastronok is moderately wounded.
You tentacle-slap Gastronok but do no damage.
You squeeze Gastronok, but do no damage.
Gastronok is moderately wounded.
You bludgeon Gastronok!
Gastronok is heavily wounded.
Gastronok sloshes about.
Gastronok casts a spell.
You feel a sudden, passing aversion to salt.
You tentacle-slap Gastronok. You tentacle-slap Gastronok!
Gastronok is heavily wounded.
You bludgeon Gastronok!
Gastronok is heavily wounded.
Gastronok waves his eye-stalks in wide circles.
The air twists around and strikes you!
You take 6 damage, and have 36/68 hp.
You bludgeon Gastronok!
You squeeze Gastronok, but do no damage.
Gastronok is severely wounded.
You tentacle-slap Gastronok. x2
Gastronok is severely wounded.
Gastronok bites you.
You take 1 damage, and have 35/68 hp.
You bludgeon Gastronok!
Gastronok is severely wounded.
You bludgeon Gastronok!
Gastronok is severely wounded.
Gastronok bites you!
* * * LOW HITPOINT WARNING * * *
You take 12 damage, and have 23/68 hp.
You bludgeon Gastronok!
Your tentacle-slap misses Gastronok.
Gastronok is almost dead.
You tentacle-slap Gastronok but do no damage.
Gastronok is almost dead.
You tentacle-slap Gastronok.
Gastronok is almost dead.
Gastronok bites you!
* * * LOW HITPOINT WARNING * * *
You take 11 damage, and have 13/68 hp.
You bludgeon Gastronok!
Gastronok is almost dead.
Throwing (i - inventory):
o - 3 throwing nets (quivered)
Press: ? - help, Shift-Dir - straight line, f - Gastronok
Aim: Gastronok, wearing an embroidered hat (almost dead, umbra)
You throw a throwing net. The throwing net hits Gastronok.
Gastronok is caught in the net!
Gastronok is almost dead.
Gastronok struggles against the net.
You catch the helpless Gastronok completely off-guard!
You bludgeon Gastronok!
Gastronok is almost dead.
Gastronok waves his eye-stalks in wide circles.
The air twists around and strikes you!
You die...

#.......# ###.#
##.##.##.#####...#
.............#.###
.#.###.#.###.#.######
.........###.#......#
.#.###.##......####.# #####
.......##.##.#.####.####...# ###
.............#.#<[.........# #..
..###.########.#@##.####...# #.#
#.###.# #.......# ##.#####.#
._..#.# #..w....# #........
#.#.#.## #.#.###.# #######.#
..#....# #.......# #.. .###...#
#.......##########.. ## #...#
#(......#.......##.. ####...#####
##.....##.......##..
...........####..<..##.......###.


You could see Gastronok (caught).

Vanquished Creatures
  Maurice (D:7)
  The ghost of letownia2 the Conjurer, a novice GrWz (D:7)
  A hornet (D:7)
  A hippogriff (D:7)
  A wyvern (D:6)
  A human (D:7)
  4 hogs (D:7)
  3 ice beasts
  A phantom (D:7)
  3 sky beasts
  3 centaurs (D:6)
  4 ogres
  Blork the orc (D:6)
  3 bullfrogs
  2 water moccasin zombies
  A wyvern skeleton (D:8)
  A water moccasin skeleton (D:6)
  5 killer bees (D:7)
  3 wights (D:8)
  5 howler monkeys
  A crimson imp (D:6)
  A quasit (D:5)
  2 bullfrog zombies
  A centaur zombie (D:8)
  3 jellies
  An orc priest (D:4)
  7 orc wizards
  A bullfrog skeleton (D:8)
  Ijyb (D:3)
  3 iguanas
  6 worker ants
  A killer bee zombie (D:5)
  A hound zombie (D:6)
  A worker ant zombie (D:7)
  Robin (D:4)
  10 adders
  2 shadow imps
  An ooze (D:1)
  An adder zombie (D:7)
  2 worms
  2 dart slugs (D:1)
  4 leopard geckos
  10 orcs
  2 giant cockroaches (D:2)
  19 goblins
  7 hobgoblins
  7 quokkas
  A ball python (D:5)
  4 bats
  8 frilled lizards
  5 kobolds
  A quokka skeleton (D:4)
  A quokka zombie (D:8)
  6 rats
169 creatures vanquished.

Vanquished Creatures (collateral kills)
  Edmund (D:5)
1 creature vanquished.

Grand Total: 170 creatures vanquished

Notes
Turn   | Place    | Note
-------+----------+-------------------------------------------
     0 | D:1      | Monsterracer the Octopode Gladiator began the quest for the Orb.
     0 | D:1      | Reached XP level 1. HP: 14/14 MP: 1/1
    17 | D:1      | HP: 6/14 [hobgoblin (5)]
    18 | D:1      | HP: 1/14 [hobgoblin (5)]
   359 | D:1      | Reached XP level 2. HP: 19/19 MP: 2/2
   382 | D:1      | Reached skill level 1 in Stealth
   425 | D:1      | HP: 8/19 [leopard gecko (3)]
   692 | D:1      | Reached XP level 3. HP: 23/24 MP: 3/3
  1427 | D:2      | Reached XP level 4. HP: 19/30 MP: 4/4
  2398 | D:3      | Noticed Ijyb
  2406 | D:3      | Killed Ijyb
  2444 | D:3      | Found a blossoming altar of Fedhas.
  2444 | D:3      | Found an ancient bone altar of Kikubaaqudgha.
  2513 | D:3      | Found a radiant altar of Vehumet.
  2704 | D:3      | Learned a level 2 spell: Blink
  2893 | D:4      | Reached XP level 5. HP: 33/36 MP: 5/5
  2990 | D:4      | Noticed an ice beast
  3052 | D:4      | HP: 16/36 [orc/short sword (5)]
  3356 | D:4      | Reached skill level 1 in Translocations
  3356 | D:4      | Reached XP level 6. HP: 42/42 MP: 6/6
  3371 | D:4      | Learned a level 3 spell: Conjure Flame
  3456 | D:4      | Found a staircase to the Ecumenical Temple.
  3466 | Temple   | Entered the Ecumenical Temple
  3505 | Temple   | Became a worshipper of Dithmenos the Shadowed
  3817 | D:4      | Found a shattered altar of Ashenzari.
  3817 | D:4      | Found an iron altar of Okawaru.
  3817 | D:4      | Noticed Robin
  3838 | D:4      | Killed Robin
  4331 | D:5      | Entered Level 5 of the Dungeon
  4331 | D:5      | Found an opulent altar of Gozag.
  4364 | D:5      | Reached skill level 5 in Unarmed Combat
  4433 | D:5      | Noticed a sky beast
  4449 | D:5      | HP: 21/42 [killer bee zombie (5)]
  4467 | D:5      | HP: 18/42 [adder (4)]
  4493 | D:5      | HP: 19/42 [adder (2)]
  4654 | D:5      | Found a basalt altar of Yredelemnul.
  4665 | D:5      | Found the +2 ratskin cloak {+Rats rPois rN+ Str-1 Int-1 Dex+1}
  4671 | D:5      | Reached XP level 7. HP: 46/46 MP: 7/7
  4687 | D:5      | Reached skill level 1 in Invocations
  4840 | D:5      | Noticed Edmund
  4864 | D:5      | HP: 21/46 [Edmund/dire flail of protection (3)]
  4865 | D:5      | Killed Edmund
  5214 | D:5      | Reached * piety under Dithmenos
  5316 | D:5      | HP: 22/47 [ogre/giant club (25)]
  5317 | D:5      | HP: 10/47 [ogre/giant club (12)]
  5319 | D:5      | Reached XP level 8. HP: 12/54 MP: 9/9
  5721 | D:5      | Found a glowing golden altar of the Shining One.
  5867 | D:5      | HP: 27/54 [sky beast (4)]
  5868 | D:5      | Reached skill level 5 in Stealth
  6257 | D:4      | HP: 24/54 [ice beast (12)]
  6587 | D:6      | Noticed a wyvern
  6598 | D:6      | Reached skill level 5 in Dodging
  6612 | D:6      | Killed a wyvern
  6750 | D:6      | Noticed Blork the orc
  6757 | D:6      | Killed Blork the orc
  6861 | D:6      | Reached XP level 9. HP: 37/60 MP: 11/11
  7276 | D:6      | Learned a level 1 spell: Apportation
  7363 | D:6      | Reached skill level 5 in Fighting
  7846 | D:6      | Found a hide-covered altar of Uskayaw.
  7849 | D:6      | Found a hazy altar of Hepliaklqana.
  7852 | D:6      | Found a glowing silver altar of Zin.
  7983 | D:6      | Reached ** piety under Dithmenos
  8515 | D:7      | Noticed a hornet
  8521 | D:7      | Killed a hornet
  8610 | D:7      | Found Veuni's Book Shoppe.
  8663 | D:7      | Noticed letownia2's ghost (novice GrWz)
  8997 | D:7      | HP: 28/61 [phantom (7)]
  9189 | D:7      | Reached skill level 1 in Shields
  9284 | D:7      | HP: 29/61 [hog (10)]
  9290 | D:7      | HP: 21/61 [human/hand axe (9)]
  9549 | D:7      | Reached XP level 10. HP: 66/67 MP: 13/13
 10182 | D:8      | Found a sparkling altar of Nemelex Xobeh.
 10220 | D:7      | HP: 29/68 [killer bee (9)]
 10225 | D:7      | HP: 26/68 [poisoned by a killer bee]
 10230 | D:7      | HP: 24/68 [poisoned by a killer bee]
 10235 | D:7      | HP: 23/68 [poisoned by a killer bee]
 10242 | D:7      | HP: 23/68 [poisoned by a killer bee]
 10250 | D:7      | HP: 22/68 [poisoned by a killer bee]
 10540 | D:8      | Noticed Maurice
 10857 | D:7      | Killed Maurice
 10857 | D:7      | Reached skill level 5 in Invocations
 11232 | D:7      | HP: 34/68 [letownia2's ghost (2)]
 11237 | D:7      | HP: 27/68 [letownia2's ghost (2)]
 11244 | D:7      | HP: 24/68 [letownia2's ghost (5)]
 11250 | D:7      | HP: 19/68 [letownia2's ghost/magic dart (6)]
 11257 | D:7      | HP: 12/68 [letownia2's ghost/magic dart (8)]
 11260 | D:7      | HP: 5/68 [letownia2's ghost/magic dart (7)]
 11276 | D:7      | Killed letownia2's ghost
 11276 | D:7      | Reached skill level 5 in Translocations
 12517 | D:8      | Found a bloodstained altar of Trog.
 12667 | D:8      | Reached skill level 1 in Spellcasting
 12698 | D:8      | Found an ornate altar of the Wu Jian Council.
 12715 | D:8      | Learned a level 2 spell: Passwall
 12754 | D:8      | Noticed Gastronok
 12777 | D:8      | HP: 23/68 [Gastronok (12)]
 12784 | D:8      | Killed from afar by Gastronok

Skill      XL: |  1  2  3  4  5  6  7  8  9 10 |
---------------+-------------------------------+-----
Stealth        | 1 2 3 4 6 7 8 |  8.2
Unarmed Combat | 4 5 6 8 |  8.9
Fighting       | 3 4 5 6 |  6.1
Translocations | 1 2 3 4 5 |  5.0
Dodging        | 4 5 6 |  6.5
Invocations    | 2 3 4 5 |  5.3
Shields        | 1 2 |  2.9
Spellcasting   | 1 |  1.0
Throwing       | |  2.0

Action                   |  1- 3 |  4- 6 |  7- 9 | 10-12 || total
-------------------------+-------+-------+-------+-------++-------
Melee: Unarmed           |    75 |   109 |   212 |   189 ||   585
       Constrict         |    20 |    32 |    26 |    20 ||    98
       Punch             |     2 |     4 |    13 |    10 ||    29
       Tentacles         |    13 |    34 |    65 |    34 ||   146
       Dagger            |       |       |     8 |     2 ||    10
Throw: Throwing net      |       |       |       |     1 ||     1
  Use: Scroll            |       |    13 |     4 |     3 ||    20
       Potion            |       |       |       |     2 ||     2
 Stab: Sleeping          |     5 |     9 |     8 |     3 ||    25
       Distracted        |       |       |       |     2 ||     2
       Held in net/web   |       |       |       |     1 ||     1
  Eat: Chunk             |     1 |    11 |     8 |     3 ||    23
       Ration            |       |       |     2 |     2 ||     4
Armor: Skin              |     5 |    11 |     1 |    12 ||    29
Dodge: Dodged            |    55 |    64 |   137 |    99 ||   355
Block: Buckler           |       |       |       |    33 ||    33

Vault maps used:
D:1:      minmay_arrival_jagged
D:2:      first_ration, fountainhead
D:3:      grunt_temple_overflow_growth_and_decay, lemuel_crystal_altar,
          uniq_ijyb
D:4:      gammafunk_temple_overflow_pools, minmay_temple_entry_water_ring,
          grunt_ministairs_1, columned_hall_lemuel, uniq_robin
D:5:      nicolae_gozag_seed_capital, yredelemnul_altar_generic,
          tso_oasis_becter, uniq_edmund
D:6:      grunt_temple_overflow_diamond, uniq_blork_the_orc
D:7:      serial_shops, shop, grunt_livestock, kennysheep_decorative_pillar
D:8:      overflow_temple_1_default, lemuel_crystal_altar, kennysheep_mini_moat,
          uniq_gastronok, uniq_maurice
Temple:   corrupted_temple
